 Dungeon Crawl Stone Soup version 0.32-a0-292-g751ec8d2e7 (webtiles) character file.

Game seed: 14619644911122770808

1690767 EnegeticOcto the Mountain Dwarf-At-Arms (level 24, 231/231 HPs)
             Began as a Mountain Dwarf Monk on Feb 14, 2024.
             Was a Believer of Okawaru.
             Escaped with the Orb
             ... and 3 runes!
             The game lasted 01:44:26 (63798 turns).

EnegeticOcto the Mountain Dwarf-At-Arms (MDMo)     Turns: 63798, Time: 01:44:27

Health: 231/231    AC: 52    Str: 25    XL:     24   Next: 99%
Magic:  38/38      EV: 15    Int: 10    God:    Okawaru [**....]
Gold:   3324       SH: 25    Dex: 12    Spells: 23/23 levels left

rFire   + . .        b - +9 broad axe "Caprovvo" {elec, *Corrode rPois rN+ Str+2}
rCold   + + .        X - +3 tower shield of the Stonemason {rCorr}
rNeg    + . .        H - +9 scales of the Dragon King {rPois rF+ rC+ Will+}
rPois   +            I - +3 hat "Vahur" {Will+ Int-2 Slay+3}
rElec   +            y - +2 cloak {Stlth+}
rCorr   +            f - +2 pair of gloves
SInv    .            g - +2 pair of boots
Will    ++++.        Q - amulet of regeneration Stlth
                     i - +4 ring of protection
HPRegen 1.38/turn    t - ring of Moodiness {rCorr EV+5 Stlth+}
MPRegen 0.26/turn

%: corrode self (3%)
@: studying 3 skills
A: runic magic, artefact enchanting, antennae 1, cold resistance 1, dopey 1,
electricity resistance
0: Orb of Zot
}: 3/15 runes: decaying, silver, gossamer
a: Renounce Religion, Heroism


You escaped.
You worshipped Okawaru.
Okawaru was pleased with you.
You visited 10 branches of the dungeon, and saw 48 of its levels.
You also visited: Sewer and Gauntlet.

You collected 10316 gold pieces.
You spent 6992 gold pieces at shops.

Inventory:

Hand Weapons
 a - a +4 trident of protection
   (You took it off a gnoll sergeant on level 6 of the Dungeon)
 b - the +9 broad axe "Caprovvo" (weapon) {elec, *Corrode rPois rN+ Str+2}
   (Okawaru gifted it to you on level 3 of the Lair of Beasts)

   Str+2:     It affects your strength (+2).
   rPois:     It protects you from poison rN+: It protects you from negative
   energy.
   *Corrode:  It may corrode you when you take damage.
Missiles
 w - 22 boomerangs (quivered)
 B - 33 silver javelins
 S - 15 javelins
 T - 17 curare-tipped darts
Armour
 f - a +2 pair of gloves (worn)
   (You found it on level 1 of the Dungeon)
 g - a +2 pair of boots (worn)
   (You found it on level 1 of the Dungeon)
 y - a +2 cloak of stealth (worn)
   (You found it in a Gauntlet)
 H - the +9 scales of the Dragon King (worn) {rPois rF+ rC+ Will+}
   (You bought it in a shop on level 2 of the Orcish Mines)

   rF+:       It protects you from fire.
   rC+:       It protects you from cold.
   rPois:     It protects you from poison Will+: It increases your willpower.
 I - the +3 hat "Vahur" (worn) {Will+ Int-2 Slay+3}
   (Okawaru gifted it to you on level 3 of the Lair of Beasts)

   Int-2:     It affects your intelligence (-2).
   Slay+3:    It affects your accuracy & damage with ranged weapons and melee
   (+3).
   Will+:     It increases your willpower.
 X - the +3 tower shield of the Stonemason (worn) {rCorr}
   (You found it on level 4 of the Swamp)

   rCorr:     It protects you from acid and corrosion.
Jewellery
 i - a +4 ring of protection (left hand)
   (You found it on level 3 of the Dungeon)
 t - the ring of Moodiness (right hand) {rCorr EV+5 Stlth+}
   (You took it off a deep elf blademaster on level 3 of the Elven Halls)

   [ring of evasion]

   EV+5:      It affects your evasion (+5).
   rCorr:     It protects you from acid and corrosion.
   Stlth+:    It makes you more stealthy.
 D - a +4 ring of protection
   (You found it on level 2 of the Realm of Zot)
 P - a ring of positive energy
   (You found it on level 15 of the Dungeon)
 Q - an amulet of regeneration (around neck)
   (You took it off a kobold demonologist on level 1 of the Elven Halls)
 U - the ring of Ufaoz {rF+ rC+ Str+4 SInv}
   (You bought it in a shop on level 5 of the Vaults)

   [ring of protection from cold]

   Str+4:     It affects your strength (+4).
   rF+:       It protects you from fire.
   rC+:       It protects you from cold.
   SInv:      It lets you see invisible.
Wands
 e - a wand of polymorph (23)
   (You found it on level 6 of the Dungeon)
 l - a wand of flame (130) {@v4}
   (You found it on level 4 of the Dungeon)
 E - a wand of iceblast (42) {@v2}
   (You found it on level 5 of the Dungeon)
 L - a wand of light (24) {@v1}
   (You found it on level 3 of the Swamp)
 N - a wand of digging (7) {@v3}
   (You found it on level 3 of the Elven Halls)
 R - a wand of mindburst (42)
   (You found it on level 11 of the Dungeon)
Scrolls
 d - 22 scrolls of teleportation {@r3 !r}
 j - 5 scrolls of torment
 n - 4 scrolls of enchant weapon
 s - 3 scrolls of blinking {@r4}
 A - 7 scrolls of fear {!r}
 F - 2 scrolls of silence {!r}
 J - 4 scrolls of vulnerability
 K - a scroll of brand weapon
 M - 5 scrolls of immolation
 V - 4 scrolls of fog {!r}
 Z - 4 scrolls of poison {!r}
Potions
 c - 6 potions of ambrosia
 h - 5 potions of might {@q3 !q}
 k - 7 potions of haste {@q4 !q}
 o - 18 potions of curing {@q1 !q}
 p - 2 potions of resistance
 q - 6 potions of invisibility
 r - 6 potions of magic
 v - 5 potions of lignification {@q6}
 x - 9 potions of mutation
 z - 13 potions of heal wounds {@q2 !q}
 C - 8 potions of attraction
 O - 2 potions of cancellation
 W - 3 potions of enlightenment
Miscellaneous
 u - a lightning rod (4/4)
   (You found it in a Gauntlet)
 G - a phial of floods
   (You found it on level 2 of the Depths)


   Skills:
 - Level 22.0 Fighting
 - Level 20.0 Axes
 - Level 16.0 Throwing
 - Level 22.0 Armour
 + Level 11.1 Dodging
 - Level 22.0 Shields
 - Level 22.1 Invocations
 - Level 9.0 Evocations


You had 23 spell levels left.
You didn't know any spells.
Your spell library contained the following spells:

 Spells                   Type           Power      Damage    Failure   Level
 Apportation              Tloc           0%         N/A       69%         1
 Kiss of Death            Conj/Necr      0%         2d5       69%         1
 Magic Dart               Conj           0%         1d3       69%         1
 Sandblast                Erth           0%         2d4       69%         1
 Shock                    Conj/Air       0%         1d3       69%         1
 Sting                    Conj/Alch      0%         1d3       69%         1
 Cigotuvi's Dreadful Rot  Necr/Alch/Air  0%         N/A       83%         2
 Jinxbite                 Hex            0%         N/A       83%         2
 Mercury Vapours          Alch/Air       0%         N/A       83%         2
 Scorch                   Fire           0%         2d5       83%         2
 Searing Ray              Conj           0%         2d4       83%         2
 Sublimation of Blood     Necr           0%         N/A       83%         2
 Dazzling Flash           Conj/Hex       0%         N/A       96%         3
 Frozen Ramparts          Ice            0%         1d1       96%         3
 Fugue of the Fallen      Necr           0%         N/A       96%         3
 Gell's Gravitas          Tloc           0%         N/A       96%         3
 Hailstorm                Conj/Ice       0%         3d5       96%         3
 Inner Flame              Hex/Fire       0%         N/A       96%         3
 Mephitic Cloud           Conj/Alch/Air  0%         N/A       96%         3
 Ozocubu's Armour         Ice            0%         N/A       96%         3
 Passwall                 Erth           0%         N/A       96%         3
 Stone Arrow              Conj/Erth      0%         3d7       96%         3
 Swiftness                Air            0%         N/A       96%         3
 Teleport Other           Tloc           0%         N/A       96%         3
 Airstrike                Air            0%         2d(0-16)  100%        4
 Brom's Barrelling Bould  Conj/Erth      0%         2d3       100%        4
 Flame Wave               Conj/Fire      0%         2d4       100%        4
 Fulminant Prism          Conj/Alch      0%         3d5       100%        4
 Ignite Poison            Fire/Alch      0%         N/A       100%        4
 Leda's Liquefaction      Alch/Erth      0%         N/A       100%        4
 Manifold Assault         Tloc           0%         N/A       100%        4
 Olgreb's Toxic Radiance  Alch           0%         N/A       100%        4
 Petrify                  Alch/Erth      0%         N/A       100%        4
 Sticky Flame             Fire/Alch      0%         2d4       100%        4
 Vhi's Electric Charge    Tloc/Air       0%         N/A       100%        4
 Alistair's Intoxication  Alch           0%         N/A       100%        5
 Arcjolt                  Conj/Air       0%         1d10      100%        5
 Borgnjor's Vile Clutch   Necr/Erth      0%         N/A       100%        5
 Curse of Agony           Necr           0%         N/A       100%        5
 Freezing Cloud           Conj/Ice/Air   0%         6-21      100%        5
 Irradiate                Conj/Alch      0%         3d11      100%        5
 Iskenderun's Battlesphe  Conj           0%         2d6       100%        5
 Metabolic Englaciation   Hex/Ice        0%         N/A       100%        5
 Silence                  Hex/Air        0%         N/A       100%        5
 Bombard                  Conj/Erth      0%         9d1       100%        6
 Conjure Ball Lightning   Conj/Air       0%         3x3d6     100%        6
 Dispersal                Tloc           0%         N/A       100%        6
 Eringya's Noxious Bog    Alch           0%         4d6       100%        6
 Plasma Beam              Fire/Air       0%         2x1d10    100%        6
 Ozocubu's Refrigeration  Ice            0%         4d7       100%        7
 Discord                  Hex            0%         N/A       100%        8
 Disjunction              Tloc           0%         N/A       100%        8
 Ignition                 Fire           0%         3d3       100%        8
 Fire Storm               Conj/Fire      0%         5d1       100%        9
 Polar Vortex             Ice            0%         N/A       100%        9
 Summon Ice Beast         Ice/Summ       Unusable   N/A       N/A         3
 Sculpt Simulacrum        Ice/Alch       Unusable   N/A       N/A         6
 Summon Cactus Giant      Summ           Unusable   N/A       N/A         6
 Spellforged Servitor     Conj/Summ      Unusable   N/A       N/A         7

Dungeon Overview and Level Annotations

Branches:
Dungeon (15/15)            Temple (1/1) D:7            Lair (5/5) D:10
  Swamp (4/4) Lair:2       Spider (4/4) Lair:2        Slime (0/5) Lair:5
    Orc (2/2) D:11            Elf (3/3) Orc:2        Vaults (5/5) D:14
  Crypt (0/3) Vaults:3     Depths (4/4) D:15            Zot (5/5) Depths:4
  Sewer (visited)         Gauntlet (visited)

Altars:
Ashenzari
Cheibriados
Dithmenos
Elyvilon
Fedhas
Gozag
Hepliaklqana
Kikubaaqudgha
Makhleb
Nemelex Xobeh
Okawaru
Qazlal
Ru
Sif Muna
Trog
Uskayaw
Vehumet
Wu Jian
Xom
Yredelemnul
Zin
The Shining One
Lugonu

Shops:
D:4 (   D:5 (   D:13 *   Orc:2 (!:[   Elf:2 ?   Vaults:4 (
Vaults:5 ??!?[??!?=   Depths:1 (   Depths:2 [

Portals:
Hell: Depths:1 Depths:2 Depths:3 Depths:4
Abyss: Depths:2 Depths:3
Pandemonium: Depths:1 Depths:2
Ziggurat: Depths:1

Annotations:
D:2 1 runed translucent door, Crazy Yiuf
Lair:5 exclusion: 3 oklob plants
Spider:2 Roxanne
Spider:4 2 transporters, Niotaic's ghost, adept OpAl
Elf:1 20 runed translucent doors
Elf:2 3 runed translucent doors
Depths:1 exclusion: deep troll earth mage


Innate Abilities, Weirdness & Mutations

Your spellcasting is much less encumbered by armour.
You can use scrolls of enchantment on lesser artefacts.
You have a pair of small antennae on your head.
Your flesh is cold resistant. (rC+)
You are dopey. (Int -2)
You are resistant to electric shocks. (rElec)


Message History

There is a stone staircase leading up here.
You climb upwards.
There is a stone staircase leading down here.
There is a strange disturbance nearby!
Unknown command.
Throw: 22 boomerangs
Press: ? - help, Q - select action, (/) - cycle Shift-Dir - straight line You throw a boomerang.
Throw: 22 boomerangs
Press: ? - help, Q - select action, (/) - cycle Shift-Dir - straight line You throw a boomerang.
Throw: 22 boomerangs
Press: ? - help, Q - select action, (/) - cycle Shift-Dir - straight line You throw a boomerang.
Throw: 22 boomerangs
Press: ? - help, Q - select action, (/) - cycle Shift-Dir - straight line You throw a boomerang.
Throw: 22 boomerangs
Press: ? - help, Q - select action, (/) - cycle Shift-Dir - straight line You throw a boomerang.
Throw: 22 boomerangs
Press: ? - help, Q - select action, (/) - cycle Shift-Dir - straight line You throw a boomerang.
Throw: 22 boomerangs
Press: ? - help, Q - select action, (/) - cycle Shift-Dir - straight line You throw a boomerang.
Okawaru accepts your kill.
You feel a bit more experienced.
Unknown command.
(D) Dungeon (T) Temple (L) Lair (S) Swamp (N) Spider Nest (M) Slime Pits (O) Orcish Mines (E) Elven Halls (V) Vaults (C) Crypt (U) Depths (H) Hell (Z) Zot
Where to? (Tab/Enter - D:1 @ (x,y), ? - help)
You feel like a meek peon again.
A large abomination comes into view.
Unknown command.
Unknown command.
Throw: 22 boomerangs
Press: ? - help, Q - select action, (/) - cycle Shift-Dir - straight line, f - large abomination
Aim: a large abomination (86% to hit)
You throw a boomerang.
The boomerang hits the large abomination!
The large abomination is moderately damaged.
Throw: 22 boomerangs
Press: ? - help, Q - select action, (/) - cycle Shift-Dir - straight line, f/p - large abomination
Aim: a large abomination (moderately damaged, 86% to hit)
You throw a boomerang.
The boomerang hits the large abomination but does no damage.
The large abomination is moderately damaged.
Throw: 22 boomerangs
Press: ? - help, Q - select action, (/) - cycle Shift-Dir - straight line, f/p - large abomination
Aim: a large abomination (moderately damaged, 86% to hit)
You throw a boomerang.
The boomerang hits the large abomination!
The large abomination is heavily damaged.
Throw: 22 boomerangs
Press: ? - help, Q - select action, (/) - cycle Shift-Dir - straight line, f/p - large abomination
Aim: a large abomination (heavily damaged, 86% to hit)
You throw a boomerang.
The boomerang hits the large abomination!!!
You destroy the large abomination!
Okawaru accepts your kill.
Throw: 22 boomerangs
Press: ? - help, Q - select action, (/) - cycle Shift-Dir - straight line, f - you Really target yourself?
Okay, then.
(D) Dungeon (T) Temple (L) Lair (S) Swamp (N) Spider Nest (M) Slime Pits (O) Orcish Mines (E) Elven Halls (V) Vaults (C) Crypt (U) Depths (H) Hell (Z) Zot
Where to? (Tab/Enter - D:1 @ (x,y), ? - help)
A Brimstone Fiend comes into view.
Unknown command.
Unknown command.
Blink to where?
Press: ? - help, Dir - move target
As you read the scroll of blinking {@r4}, it crumbles to dust.
The Brimstone Fiend moves out of view.
Your magic is already full.
Unknown command.
Really quaff
k - 8 potions of haste {@q4 !q}?
You feel yourself speed up.
(D) Dungeon (T) Temple (L) Lair (S) Swamp (N) Spider Nest (M) Slime Pits (O) Orcish Mines (E) Elven Halls (V) Vaults (C) Crypt (U) Depths (H) Hell (Z) Zot
Where to? (Tab/Enter - D:1 @ (x,y), ? - help)
There is a stone staircase leading up here.
You climb upwards.
Level annotation: 1 runed translucent door, Crazy Yiuf
There is a stone staircase leading down here.
There is a stone staircase leading up here.
You climb upwards.
There is a stone staircase leading down here.
There is a large open door here.
Your extra speed is starting to run out.
There is a staircase leading out of the dungeon here.
You feel yourself slow down.
You have escaped!

##########
#≈≈≈≈~~.@#
#########≈≈≈~..###
........#P≈≈≈≈.P#
.######.#~~≈≈~~.#
.# #.#≈~≈≈~.~# .#
#.#P~~≈~.##
.######.#PP~~≈~.##
........#PPP~≈~≈.#
[.......#~P~~≈≈.~#


There were no monsters in sight!

Vanquished Creatures
  A dread lich (Vaults:5)
  Frederick (Vaults:5)
  Mara (Swamp:4)
  A juggernaut (Depths:2)
  Boris (twice) (Elf:3 Vaults:4)
  2 pandemonium lords
  Bai Suzhen (Elf:3)
  A Killer Klown (Zot:5)
  Saint Roka (Vaults:1)
  2 curse toes (Zot:2)
  4 caustic shrikes
  Nikola (Vaults:2)
  the Enchantress (Depths:4)
  7 golden dragons
  2 bone dragons (Depths:4)
  15 tentacled monstrosities
  Zenata (Vaults:3)
  11 Orb Guardians
  Mlioglotl (Spider:3)
  Jorgrun (Orc:2)
  6 sphinxes
  3 deep elf master archers (Elf:3)
  A walking earthen tome (Depths:2)
  4 liches
  4 deep elf blademasters (Elf:3)
  5 quicksilver dragons
  3 titans
  13 death cobs
  2 Executioners
  Agnes (D:14)
  14 tengu reavers
  9 storm dragons
  12 shadow dragons
  Donald (Swamp:4)
  5 draconian monks
  3 fire giants
  2 draconian knights
  11 frost giants
  A protean progenitor (Zot:2)
  4 iron dragons
  6 deep elf sorcerers
  6 deep elf elementalists (Elf:3)
  A draconian shifter (Zot:5)
  2 draconian scorchers (Zot:3)
  6 emperor scorpions (Spider:4)
  20 vault wardens
  Louise (Elf:3)
  8 ghost moths
  17 ironbound preservers
  2 orc warlords
  A draconian annihilator (Zot:3)
  4 broodmothers
  An angel (Zot:4)
  2 draconian stormcallers
  5 spriggan defenders
  2 formless jellyfish
  20 very ugly things
  17 stone giants
  A vampire knight (Vaults:3)
  6 deep elf death magi
  8 black draconians
  3 lorocyprocas
  5 eleionomae
  5 green draconians
  7 deep elf annihilators
  7 deep elf demonologists
  8 purple draconians
  7 ironbound thunderhulks
  6 red draconians
  3 war gargoyles
  13 dire elephants
  A minotaur (Gauntlet)
  3 bunyips
  10 white draconians
  5 yellow draconians
  An eidolon (Vaults:3)
  9 spark wasps
  Snorg (D:14)
  A blizzard demon (D:8)
  A crystal guardian (Vaults:2)
  2 green deaths
  A mummy priest (Elf:1)
  14 ettins
  4 fire dragons
  6 jiangshi (Depths:1)
  7 deep elf high priests
  14 yaktaur captains
  A merfolk javelineer (Depths:1)
  6 great orbs of eyes
  Josephine (D:15)
  2 entropy weavers
  An entropy weaver (shapeshifter) (D:15)
  3 ice dragons
  A peacekeeper (Vaults:2)
  15 ironbound frosthearts
  36 vault guards
  A salamander tyrant (Depths:2)
  2 ogre magi (Vaults:5)
  The ghost of Zigma the Grappler, a journeyman DrSh of Yredelemnul (D:12)
  7 spriggan air magi
  12 hydras
  A catoblepas (D:15)
  2 ghost crabs (Swamp:4)
  2 jorogumos (Spider:4)
  2 hell beasts
  7 alligators
  7 boulder beetles
  4 radroaches
  12 dancing weapons
  9 centaur warriors
  A death scarab (Spider:3)
  7 deep troll shamans
  9 deep troll earth magi
  3 two-headed ogres
  5 tengu warriors
  10 demonic crawlers
  3 vampire magi
  4 death yaks (Lair:5)
  2 sun demons
  3 spriggan berserkers
  A thrashing horror (Swamp:4)
  10 orc high priests
  An occultist (D:15)
  Nergalle (D:10)
  11 hell knights
  12 deep elf knights
  A shadow wraith (Vaults:4)
  4 skeletal warriors (D:14)
  2 soul eaters
  5 iron trolls
  A salamander mystic (Depths:3)
  4 skysharks
  9 pharaoh ants
  A sixfirhy (D:15)
  6 goliath frogs
  4 spriggan druids
  2 flayed ghosts
  A death drake (Swamp:2)
  3 shadow demons (Elf:1)
  3 sun moths
  A glowing orange brain (Depths:3)
  12 orb spiders
  A deep troll (shapeshifter) (Vaults:5)
  A sun moth (shapeshifter) (D:15)
  8 swamp dragons
  9 bog bodies
  A steelbarb worm (shapeshifter) (Depths:1)
  A swamp dragon (shapeshifter) (Vaults:5)
  3 arcanists
  77 deep trolls
  15 deep elf archers
  10 lindwurms
  7 steelbarb worms
  12 ironbound convokers
  20 orc knights
  5 large abominations
  3 necromancers
  26 deep elf pyromancers
  2 phantasmal warriors
  4 orc sorcerers
  18 deep elf zephyrmancers
  2 will-o-the-wisps
  24 ugly things
  A cyclops (Orc:1)
  24 wolf spiders
  A manticore (D:14)
  5 black mambas
  5 salamanders
  17 moths of wrath
  6 meliai (D:15)
  16 vault sentinels
  An eye of devastation (shapeshifter) (Vaults:5)
  7 torpor snails
  9 elephants
  3 torpor snails (shapeshifter)
  Maggie (D:6)
  17 cane toads
  3 orange demons
  2 rime drakes
  3 unseen horrors
  8 yaktaurs
  2 freezing wraiths
  3 kobold demonologists (Elf:1)
  A komodo dragon (shapeshifter) (Elf:3)
  6 komodo dragons
  4 tengu conjurers
  An efreet (D:13)
  5 trolls
  13 tyrant leeches
  A troll (shapeshifter) (Vaults:5)
  A wind drake (shapeshifter) (Vaults:4)
  8 polar bears
  8 hornets
  Prince Ribbit (D:7)
  27 tarantellas
  2 glass eyes (Depths:2)
  14 dream sheep
  22 culicivoras
  A raiju (Gauntlet)
  21 blink frogs
  38 slime creatures
  35 jumping spiders
  5 shadows
  9 wraiths
  An air elemental (Elf:1)
  36 yaks
  Sigmund (D:2)
  14 water elementals
  2 fire elementals
  2 yaks (shapeshifter)
  9 spriggans
  A wyvern (Lair:5)
  2 steam dragons
  4 basilisks
  3 wargs
  Eustachio (D:6)
  5 golden eyes (D:14)
  15 vampire mosquitoes
  A chaos spawn (D:8)
  53 redbacks
  25 swamp worms
  An acid dragon (D:14)
  A hell hound (Gauntlet)
  20 water moccasins
  39 orc warriors
  7 black bears
  4 sky beasts
  7 laughing skulls
  An ice beast (D:6)
  2 boggarts (Elf:1)
  15 wolves
  5 centaurs
  7 ogres
  Blork the orc (D:4)
  2 phantoms
  4 kobold brigands
  17 bullfrogs
  A gnoll sergeant (D:6)
  2 earth elementals (Elf:1)
  7 scorpions
  A wight (D:6)
  3 howler monkeys (D:10)
  7 electric eels
  4 hounds
  39 orc priests
  5 jellies
  Jessica (D:3)
  Ijyb (D:4)
  17 orc wizards
  2 iguanas
  A boggart simulacrum (D:15)
  Robin (D:4)
  9 gnolls
  3 river rats (Sewer)
  10 adders
  2 shadow imps
  3 white imps
  6 ufetubi
  4 dart slugs
  2 ribbon worms
  77 orcs
  10 endoplasms
  7 giant cockroaches
  8 goblins
  8 hobgoblins
  7 jackals
  7 quokkas
  10 ball pythons
  4 bats
  6 frilled lizards
  36 kobolds
  26 rats
1969 creatures vanquished.

Vanquished Creatures (others)
  A draconian scorcher (Zot:3)
  A yellow draconian (Depths:4)
  A vampire mage (Depths:1)
  A deep elf knight (Elf:1)
  A sixfirhy (D:5)
  A deep elf zephyrmancer (Elf:2)
  A bloated husk (Swamp:2)
  2 foxfires (Swamp:2)
9 creatures vanquished.

Grand Total: 1978 creatures vanquished

Notes
Turn   | Place    | Note
-------+----------+-------------------------------------------
     0 | D:1      | EnegeticOcto the Mountain Dwarf Monk began the quest for
                  | the Orb.
     0 | D:1      | Reached XP level 1. HP: 19/19 MP: 1/1
   225 | D:1      | Reached skill level 4 in Axes
   260 | D:1      | Reached XP level 2. HP: 23/26 MP: 2/2
   840 | D:2      | Reached XP level 3. HP: 33/33 MP: 3/3
  1113 | D:2      | Noticed Sigmund
  1210 | D:2      | Reached skill level 4 in Fighting
  1210 | D:2      | Reached skill level 5 in Axes
  1301 | D:2      | Reached XP level 4. HP: 40/40 MP: 4/4
  1379 | D:2      | Killed Sigmund
  1380 | D:2      | Reached skill level 6 in Axes
  1380 | D:2      | Reached XP level 5. HP: 38/47 MP: 5/5
  1504 | D:2      | Reached skill level 5 in Fighting
  1814 | D:2      | Found a runed translucent door.
  1815 | D:2      | Noticed Crazy Yiuf
  2168 | D:3      | Noticed Jessica
  2176 | D:3      | Killed Jessica
  2177 | D:3      | Reached skill level 7 in Axes
  2177 | D:3      | Reached XP level 6. HP: 56/56 MP: 6/6
  2215 | D:3      | You fall into a shaft and drop 3 floors!
  2267 | D:6      | Found a glowing drain.
  2312 | Sewer    | Entered a sewer
  2345 | Sewer    | Reached skill level 1 in Armour
  3062 | D:6      | Reached skill level 2 in Armour
  3062 | D:6      | Reached XP level 7. HP: 61/61 MP: 7/7
  3108 | D:6      | Reached skill level 8 in Axes
  3136 | D:5      | Entered Level 5 of the Dungeon
  3149 | D:5      | Reached skill level 6 in Fighting
  3153 | D:5      | Reached skill level 3 in Armour
  3164 | D:5      | Reached skill level 9 in Axes
  3173 | D:4      | Noticed Blork the orc
  3173 | D:4      | Noticed Robin
  3372 | D:5      | Found Suopp's Weapon Boutique.
  3463 | D:5      | Found an ornate altar of the Wu Jian Council.
  3746 | D:3      | Found a white marble altar of Elyvilon.
  4204 | D:3      | Found a white marble altar of Elyvilon.
  4882 | D:4      | Reached XP level 8. HP: 67/71 MP: 8/8
  5248 | D:4      | Killed Robin
  5258 | D:4      | Reached skill level 4 in Armour
  5258 | D:4      | Noticed Ijyb
  5381 | D:4      | Reached skill level 10 in Axes
  5450 | D:4      | Killed Blork the orc
  5451 | D:4      | Reached skill level 7 in Fighting
  5502 | D:4      | Killed Ijyb
  5620 | D:4      | Found a radiant altar of Vehumet.
  5650 | D:4      | Found an ancient bone altar of Kikubaaqudgha.
  5660 | D:4      | Got Kikubaaqudgha's Spellbook of Shadows
  5667 | D:4      | Found a shimmering blue altar of Sif Muna.
  5819 | D:4      | Found Zezxeuph's Weapon Shop.
  5962 | D:5      | Identified the amulet "Moluot" {Acrobat rC+ Dex+5}
  5983 | D:5      | Reached skill level 11 in Axes
  6023 | D:5      | Found an opulent altar of Gozag.
  6373 | D:6      | Noticed Maggie
  6545 | D:6      | Reached skill level 1 in Shields
  6545 | D:6      | Reached XP level 9. HP: 80/80 MP: 9/9
  6559 | D:6      | Killed Maggie
  6560 | D:6      | Reached skill level 8 in Fighting
  6560 | D:6      | Reached skill level 2 in Shields
  6793 | D:6      | Noticed Eustachio
  6812 | D:6      | Reached skill level 12 in Axes
  6814 | D:6      | Reached skill level 3 in Shields
  6815 | D:6      | Killed Eustachio
  6826 | D:6      | Reached skill level 4 in Shields
  6961 | D:6      | Reached skill level 13 in Axes
  6971 | D:6      | Reached skill level 1 in Evocations
  7156 | D:6      | Reached skill level 9 in Fighting
  7156 | D:6      | Reached XP level 10. HP: 91/91 MP: 10/10
  7478 | D:7      | Found a sacrificial altar of Ru.
  7478 | D:7      | Found a shimmering altar of Xom.
  7649 | D:7      | Found a staircase to the Ecumenical Temple.
  7699 | Temple   | Entered the Ecumenical Temple
  7708 | Temple   | Became a worshipper of Warmaster Okawaru
  7708 | Temple   | Reached * piety under Okawaru
  7708 | Temple   | Reached ** piety under Okawaru
  7742 | D:7      | Reached skill level 2 in Evocations
  7904 | D:7      | Noticed Prince Ribbit
  7931 | D:7      | Killed Prince Ribbit
  7932 | D:7      | Reached skill level 1 in Invocations
  8175 | D:8      | Gained mutation: You have a pair of small antennae on your
                  | head. [potion of mutation]
  8176 | D:8      | Lost mutation: You have a pair of small antennae on your
                  | head. [potion of mutation]
  8176 | D:8      | Gained mutation: Armour fits poorly on your strangely
                  | shaped body. [potion of mutation]
  8176 | D:8      | Lost mutation: Armour fits poorly on your strangely shaped
                  | body. [potion of mutation]
  8176 | D:8      | Gained mutation: Your flesh is cold resistant. (rC+)
                  | [potion of mutation]
  8176 | D:8      | Gained mutation: You have a pair of small antennae on your
                  | head. [potion of mutation]
  8202 | D:8      | Reached skill level 5 in Shields
  8408 | D:8      | Reached skill level 2 in Invocations
  8732 | D:9      | Reached skill level 3 in Evocations
  8736 | D:9      | Noticed a two-headed ogre
  8744 | D:9      | Killed a two-headed ogre
  8744 | D:9      | Reached *** piety under Okawaru
  8745 | D:9      | Reached skill level 14 in Axes
  8745 | D:9      | Reached skill level 3 in Invocations
  8806 | D:9      | Noticed a two-headed ogre
  8814 | D:9      | Killed a two-headed ogre
  8992 | D:9      | Found a bloodstained altar of Trog.
  9065 | D:9      | Reached skill level 4 in Invocations
  9073 | D:9      | Reached skill level 6 in Shields
  9073 | D:9      | Reached skill level 4 in Evocations
  9548 | D:10     | Entered Level 10 of the Dungeon
  9743 | D:10     | Found a broken altar of Ashenzari.
  9756 | D:10     | Noticed Nergalle
  9766 | D:10     | Killed Nergalle
  9766 | D:10     | Reached **** piety under Okawaru
  9767 | D:10     | Reached skill level 10 in Fighting
  9767 | D:10     | Reached XP level 11. HP: 36/98 MP: 12/14
  9936 | D:10     | Found a staircase to the Lair.
  9982 | D:10     | Reached skill level 5 in Invocations
 10287 | D:10     | Reached skill level 15 in Axes
 10611 | Lair:1   | Entered Level 1 of the Lair of Beasts
 10882 | Lair:1   | Found the +5 robe of Misfortune {Harm *Corrode *Slow EV+5}
 11044 | Lair:1   | Reached skill level 7 in Shields
 11048 | Lair:1   | Reached skill level 6 in Invocations
 11049 | Lair:1   | Reached ***** piety under Okawaru
 11216 | Lair:1   | Received a gift from Okawaru
 11803 | Lair:2   | Reached skill level 7 in Invocations
 11811 | Lair:2   | Reached skill level 16 in Axes
 11825 | Lair:2   | Reached skill level 11 in Fighting
 11825 | Lair:2   | Reached skill level 8 in Shields
 11960 | Lair:2   | Found a staircase to the Swamp.
 11975 | Lair:2   | Found a hole to the Spider Nest.
 11975 | Lair:2   | Noticed a pharaoh ant
 11982 | Lair:2   | Reached XP level 12. HP: 44/107 MP: 17/17
 12706 | Lair:2   | Reached skill level 9 in Shields
 13272 | Lair:3   | Reached skill level 12 in Fighting
 13430 | Lair:3   | Noticed Sonja
 13432 | Lair:3   | Sonja changed into Sonja the sky beast
 13432 | Lair:3   | Noticed Sonja
 13439 | Lair:3   | Killed Sonja the sky beast
 13533 | Lair:3   | Reached ****** piety under Okawaru
 13534 | Lair:3   | Acquired the +9 broad axe "Caprovvo" {elec, *Corrode rPois
                  | rN+ Str+2}
 13534 | Lair:3   | Received a gift from Okawaru
 13537 | Lair:3   | Acquired the +3 hat "Vahur" {Will+ Int-2 Slay+3}
 13537 | Lair:3   | Received a gift from Okawaru
 13644 | Lair:3   | Received a gift from Okawaru
 13645 | Lair:3   | Reached skill level 1 in Throwing
 13766 | Lair:3   | Reached skill level 2 in Throwing
 13766 | Lair:3   | Reached skill level 5 in Armour
 13979 | Lair:3   | Noticed a six-headed hydra
 13991 | Lair:3   | Killed a six-headed hydra
 13992 | Lair:3   | Reached skill level 10 in Shields
 14470 | Lair:4   | Received a gift from Okawaru
 14590 | Lair:4   | Identified a scroll of acquirement
 14591 | Lair:4   | Acquired the ring of Bebyecisch {rPois rN+ Will+ MP-9
                  | Int+4}
 14840 | Lair:4   | Reached skill level 3 in Throwing
 14840 | Lair:4   | Reached XP level 13. HP: 119/119 MP: 18/18
 15371 | Lair:5   | Entered Level 5 of the Lair of Beasts
 15377 | Lair:5   | Reached skill level 6 in Armour
 15397 | Lair:5   | Reached skill level 13 in Fighting
 15457 | Lair:5   | Reached skill level 4 in Throwing
 15528 | Lair:5   | Reached skill level 11 in Shields
 15538 | Lair:5   | Received a gift from Okawaru
 15539 | Lair:5   | Reached skill level 17 in Axes
 15541 | Lair:5   | Reached skill level 7 in Armour
 15969 | Lair:5   | Received a gift from Okawaru
 16183 | Lair:5   | Found a staircase to the Slime Pits.
 16313 | Lair:5   | Reached skill level 5 in Throwing
 16448 | Lair:5   | Found the +0 mask of the Dragon {Will+ Slay+3 SInv}
 16448 | Lair:5   | Found the +10 Black Knight's barding {ponderous, rPois rN+}
 17182 | D:11     | Reached skill level 8 in Armour
 17190 | D:11     | Reached XP level 14. HP: 130/130 MP: 19/19
 17317 | D:11     | Found a staircase to the Orcish Mines.
 17642 | Orc:1    | Entered Level 1 of the Orcish Mines
 17742 | Orc:2    | Entered Level 2 of the Orcish Mines
 17742 | Orc:2    | Found a gate leading to a gauntlet.
 17752 | Gauntlet | Entered a Gauntlet
 17752 | Gauntlet | Found a transporter.
 17752 | Gauntlet | Found a transporter.
 17759 | Gauntlet | Found a runed translucent door.
 17770 | Gauntlet | Found a transporter.
 17774 | Gauntlet | Found a transporter.
 17780 | Gauntlet | Found a runed translucent gate.
 17782 | Gauntlet | Found a transporter.
 17783 | Gauntlet | Found a runed translucent gate.
 17784 | Gauntlet | Found a runed translucent gate.
 17786 | Gauntlet | Found a transporter.
 17797 | Gauntlet | Found a transporter.
 17811 | Gauntlet | Found a transporter.
 17825 | Gauntlet | Found a transporter.
 17829 | Gauntlet | Found a transporter.
 17837 | Gauntlet | Found a transporter.
 17841 | Gauntlet | Found a transporter.
 18096 | Gauntlet | Identified the +2 leather armour of Forking Paths {rF++
                  | rC+++ Str-5 Int-4}
 18115 | Gauntlet | Identified the +0 leather armour of Ymopt {Will++ Stlth+}
 18149 | Orc:2    | Paralysed by an orc sorcerer for 4 turns
 18319 | Orc:2    | Noticed Jorgrun
 18330 | Orc:2    | Killed Jorgrun
 18331 | Orc:2    | Reached skill level 14 in Fighting
 18526 | Orc:2    | Received a gift from Okawaru
 18527 | Orc:2    | Reached skill level 12 in Shields
 18655 | Orc:2    | Found a staircase to the Elven Halls.
 19024 | Orc:1    | Found a burning altar of Makhleb.
 19140 | Orc:1    | You fall into a shaft and drop 1 floor!
 19624 | Orc:2    | Reached skill level 6 in Throwing
 19627 | Orc:2    | Reached skill level 9 in Armour
 19793 | Orc:2    | Reached skill level 18 in Axes
 19957 | Orc:2    | Found Dinim's Antique Armour Boutique.
 19957 | Orc:2    | Found Siloymm's Book Boutique.
 19958 | Orc:2    | Found Vydwey's Distillery.
 19958 | Orc:2    | Found Cipe's Antique Weapon Boutique.
 20153 | D:12     | Received a gift from Okawaru
 20377 | D:12     | Noticed Zigma's ghost (journeyman DrSh)
 20378 | D:12     | Found a runed translucent gate.
 20378 | D:12     | Found a runed translucent gate.
 20378 | D:12     | Found a runed translucent gate.
 20394 | D:12     | Killed Zigma's ghost
 20973 | D:13     | Found a runed translucent door.
 21019 | D:13     | Noticed Nessos
 21020 | D:13     | Nessos changed into Nessos the polar bear
 21020 | D:13     | Noticed Nessos
 21028 | D:13     | Killed Nessos the polar bear
 21515 | D:13     | Found Buxanefy's Globular Garage.
 21526 | D:13     | Received a gift from Okawaru
 21673 | D:13     | Reached XP level 15. HP: 139/139 MP: 11/20
 21716 | D:14     | Found a gate to the Vaults.
 21716 | D:14     | Noticed Snorg
 21725 | D:14     | Killed Snorg
 22185 | D:14     | Reached skill level 13 in Shields
 22189 | D:14     | Noticed Agnes
 22198 | D:14     | Reached skill level 10 in Armour
 22201 | D:14     | Killed Agnes
 22202 | D:14     | Reached skill level 7 in Throwing
 22346 | D:14     | Received a gift from Okawaru
 22531 | D:14     | Reached skill level 8 in Invocations
 22672 | D:14     | Reached skill level 15 in Fighting
 23466 | D:15     | Entered Level 15 of the Dungeon
 23828 | D:15     | Received a gift from Okawaru
 23980 | D:15     | Noticed Josephine
 23989 | D:15     | Killed Josephine
 23990 | D:15     | Reached skill level 9 in Invocations
 24220 | D:15     | Found a staircase to the Depths.
 24415 | D:15     | Received a gift from Okawaru
 24734 | Spider:1 | Entered Level 1 of the Spider Nest
 24862 | Spider:1 | Reached skill level 19 in Axes
 25076 | Spider:1 | Reached skill level 11 in Armour
 25805 | Spider:1 | Reached skill level 8 in Throwing
 26063 | Spider:2 | Reached skill level 10 in Invocations
 26109 | Spider:2 | Reached XP level 16. HP: 105/150 MP: 23/23
 26293 | Spider:2 | Received a gift from Okawaru
 26628 | Spider:2 | Noticed Roxanne
 27275 | Spider:2 | Identified the +9 plate armour "Vajeanu" {Fly}
 27302 | Spider:2 | Received a gift from Okawaru
 27542 | Spider:2 | Reached skill level 16 in Fighting
 28366 | Spider:3 | Got the Handbook of the Scorpion and Fire
 28386 | Spider:3 | Received a gift from Okawaru
 28387 | Spider:3 | Reached skill level 11 in Invocations
 28456 | Spider:3 | Gained mutation: You are dopey. (Int -2) [mutagenic glow]
 28457 | Spider:3 | Reached skill level 12 in Armour
 28457 | Spider:3 | Reached skill level 3 in Dodging
 28462 | Spider:3 | Gained mutation: You are resistant to electric shocks.
                  | (rElec) [mutagenic glow]
 29115 | Spider:3 | Noticed Mlioglotl
 29127 | Spider:3 | Killed Mlioglotl
 29660 | Spider:4 | Entered Level 4 of the Spider Nest
 29703 | Spider:4 | Reached skill level 9 in Throwing
 30330 | Spider:4 | Received a gift from Okawaru
 30370 | Spider:4 | Found a transporter.
 30392 | Spider:4 | Found a transporter.
 30394 | Spider:4 | Noticed Niotaic's ghost (adept OpAl)
 30401 | Spider:4 | Identified the +1 rapier of Sir Kisch {vamp, rC++ Int+2}
 30481 | Spider:4 | Reached skill level 4 in Dodging
 30481 | Spider:4 | Reached XP level 17. HP: 159/159 MP: 25/25
 30574 | Spider:4 | Reached skill level 20 in Axes
 30581 | Spider:4 | Reached skill level 12 in Invocations
 31051 | Spider:4 | Received a gift from Okawaru
 31207 | Spider:4 | Got a gossamer rune of Zot
 31672 | Swamp:1  | Entered Level 1 of the Swamp
 31778 | Swamp:1  | Reached skill level 13 in Armour
 32070 | Swamp:1  | Acquired 685 gold pieces
 32459 | Swamp:2  | Reached skill level 5 in Evocations
 32594 | Swamp:2  | Received a gift from Okawaru
 33074 | Swamp:2  | Reached skill level 5 in Dodging
 33107 | Swamp:2  | Reached skill level 17 in Fighting
 33750 | Swamp:3  | Reached skill level 13 in Invocations
 34054 | Swamp:3  | Reached skill level 10 in Throwing
 34129 | Swamp:3  | Received a gift from Okawaru
 34478 | Swamp:4  | Entered Level 4 of the Swamp
 34478 | Swamp:4  | Noticed Mara
 34503 | Swamp:4  | Noticed EnegeticOcto's illusion
 34518 | Swamp:4  | Killed Mara
 34519 | Swamp:4  | Reached skill level 6 in Evocations
 34788 | Swamp:4  | Noticed a tentacled monstrosity
 34803 | Swamp:4  | Killed a tentacled monstrosity
 34857 | Swamp:4  | Reached XP level 18. HP: 170/170 MP: 28/28
 35001 | Swamp:4  | Identified the -2 kite shield of Going Fast {-Cast Harm
                  | Str+3 Dex+3}
 35001 | Swamp:4  | Noticed Donald
 35014 | Swamp:4  | Killed Donald
 35321 | Swamp:4  | Received a gift from Okawaru
 35842 | Swamp:4  | Noticed a tentacled monstrosity
 35864 | Swamp:4  | Killed a tentacled monstrosity
 36038 | Swamp:4  | Reached skill level 7 in Evocations
 36106 | Swamp:4  | Identified the +1 tower shield of the Stonemason {rCorr}
 36164 | Swamp:4  | Got a decaying rune of Zot
 36457 | Elf:1    | Entered Level 1 of the Elven Halls
 36832 | Elf:1    | Received a gift from Okawaru
 36839 | Elf:1    | Reached skill level 14 in Shields
 36862 | Elf:1    | Reached skill level 14 in Armour
 36873 | Elf:1    | Identified the +0 plate armour "Daugoast" {Will+++ Regen+
                  | Dex-2 Stlth+}
 36953 | Elf:1    | Found a huge runed translucent gate.
 36954 | Elf:1    | Found a huge runed translucent gate.
 36955 | Elf:1    | Found a huge runed translucent gate.
 36955 | Elf:1    | Found a huge runed translucent gate.
 36956 | Elf:1    | Found a huge runed translucent gate.
 36957 | Elf:1    | Found a huge runed translucent gate.
 36957 | Elf:1    | Found a huge runed translucent gate.
 36957 | Elf:1    | Found a huge runed translucent gate.
 36957 | Elf:1    | Found a huge runed translucent gate.
 36957 | Elf:1    | Found a huge runed translucent gate.
 36958 | Elf:1    | Found a huge runed translucent gate.
 36958 | Elf:1    | Found a huge runed translucent gate.
 36958 | Elf:1    | Found a huge runed translucent gate.
 36958 | Elf:1    | Found a huge runed translucent gate.
 36958 | Elf:1    | Found a huge runed translucent gate.
 36958 | Elf:1    | Found a huge runed translucent gate.
 36958 | Elf:1    | Found a huge runed translucent gate.
 36958 | Elf:1    | Found a huge runed translucent gate.
 36968 | Elf:1    | Reached skill level 14 in Invocations
 36968 | Elf:1    | Found a huge runed translucent gate.
 36968 | Elf:1    | Found a huge runed translucent gate.
 36989 | Elf:1    | Paralysed by an air elemental for 1 turns
 37218 | Elf:1    | Received a gift from Okawaru
 38179 | Elf:1    | Identified the amulet of Plog {RegenMP Str+3}
 38199 | Elf:1    | Found a shimmering blue altar of Sif Muna.
 38226 | Elf:1    | Received a gift from Okawaru
 38477 | Elf:1    | Acquired 930 gold pieces
 38624 | Orc:2    | Bought the +9 scales of the Dragon King {rPois rF+ rC+
                  | Will+} for 3993 gold pieces
 38624 | Orc:2    | Found the +9 scales of the Dragon King {rPois rF+ rC+
                  | Will+}
 38750 | Elf:1    | Reached skill level 8 in Evocations
 39427 | Elf:2    | Reached skill level 18 in Fighting
 39427 | Elf:2    | Reached skill level 15 in Shields
 39540 | Elf:2    | Found Gassilyc's Magic Scroll Emporium.
 39578 | Elf:2    | Bought a scroll of fear for 52 gold pieces
 39578 | Elf:2    | Bought a scroll of fear for 52 gold pieces
 39735 | Elf:2    | Reached XP level 19. HP: 177/178 MP: 28/30
 39762 | Elf:2    | Found a runed translucent gate.
 39762 | Elf:2    | Found a runed translucent gate.
 39762 | Elf:2    | Found a runed translucent gate.
 39873 | Elf:2    | Reached skill level 11 in Throwing
 40006 | Elf:3    | Entered Level 3 of the Elven Halls
 40131 | Elf:3    | Found the +2 hood of the Assassin {Detect Stab+ Stlth++}
 40170 | Elf:3    | Received a gift from Okawaru
 40346 | Elf:2    | Found a radiant altar of Vehumet.
 40381 | Elf:3    | Found an ancient bone altar of Kikubaaqudgha.
 40595 | Elf:3    | Noticed Louise
 40608 | Elf:3    | Killed Louise
 40844 | Elf:3    | Identified the +4 robe "Xaer" {Fly rC- Dex+4}
 40844 | Elf:3    | Noticed Boris
 40880 | Elf:3    | Killed Boris
 41089 | Elf:3    | Reached skill level 15 in Invocations
 41647 | Elf:3    | Reached skill level 9 in Evocations
 41706 | Elf:3    | Identified the +5 plate armour of the Trilobite {Int+3}
 41706 | Elf:3    | Identified the ring "Ejialech" {Ice Str+3}
 41717 | Elf:3    | Received a gift from Okawaru
 41757 | Elf:3    | Identified the ring of Moodiness {rCorr EV+5 Stlth+}
 41776 | Elf:3    | Reached skill level 15 in Armour
 41786 | Elf:3    | Reached skill level 16 in Shields
 41789 | Elf:3    | Noticed Bai Suzhen
 41789 | Elf:3    | Identified the +0 battleaxe "EnegeticOcto's Regret"
                  | {antimagic, rPois Int+2}
 41794 | Elf:3    | Killed Bai Suzhen
 41907 | Elf:3    | Identified the +6 arbalest "Hunipn" {speed, *Slow rPois
                  | Str+4 Int+2}
 41913 | Elf:3    | Identified the +7 shortbow of Qazlal's Indignation {elec,
                  | Int+3 Dex-3 Stlth+}
 42734 | Vaults:1 | Entered Level 1 of the Vaults
 42745 | Vaults:1 | Received a gift from Okawaru
 43269 | Vaults:1 | Noticed Saint Roka
 43289 | Vaults:1 | Killed Saint Roka
 43584 | Vaults:1 | Identified the storm talisman of Gozag, Mashing {Slay+2}
 43650 | Vaults:1 | Reached skill level 19 in Fighting
 43651 | Vaults:1 | Received a gift from Okawaru
 43730 | Vaults:1 | Identified the +1 ring mail of the Saviour {rPois Dex+2}
 43746 | Vaults:1 | Identified the +0 helmet "Bunus" {Slay+3 SInv}
 43866 | Vaults:1 | Reached skill level 16 in Invocations
 43871 | Vaults:1 | Reached skill level 17 in Shields
 43925 | Vaults:1 | Reached XP level 20. HP: 176/191 MP: 32/32
 44452 | Vaults:2 | Noticed Nikola
 44464 | Vaults:2 | Killed Nikola
 44551 | Vaults:2 | Reached skill level 12 in Throwing
 44624 | Vaults:2 | Received a gift from Okawaru
 44956 | Vaults:2 | Reached skill level 16 in Armour
 45156 | Vaults:2 | Reached skill level 18 in Shields
 45177 | Vaults:2 | Reached skill level 20 in Fighting
 45280 | Vaults:2 | Received a gift from Okawaru
 45767 | Vaults:3 | Reached skill level 17 in Invocations
 46043 | Vaults:3 | Noticed Zenata
 46055 | Vaults:3 | Killed Zenata
 46127 | Vaults:3 | Found a staircase to the Crypt.
 46136 | Vaults:3 | Received a gift from Okawaru
 46644 | Vaults:4 | Identified the +3 robe of the Sky {rPois rF+ Int+2}
 46644 | Vaults:4 | Noticed Boris
 46664 | Vaults:4 | Killed Boris
 46826 | Vaults:4 | Found Plog's Weapon Shoppe.
 46832 | Vaults:4 | Received a gift from Okawaru
 46903 | Vaults:4 | Reached skill level 19 in Shields
 47042 | Vaults:4 | Reached XP level 21. HP: 203/203 MP: 33/33
 47088 | Vaults:4 | Reached skill level 21 in Fighting
 47147 | Vaults:4 | Received a gift from Okawaru
 47160 | Vaults:4 | Reached skill level 17 in Armour
 47170 | Vaults:4 | Reached skill level 13 in Throwing
 47185 | Vaults:4 | Reached skill level 18 in Invocations
 47896 | Vaults:4 | Identified the +0 helmet of Grot {rPois Int-2 Slay+3}
 48112 | Depths:1 | Entered Level 1 of the Depths
 48128 | Depths:1 | Found Ighoinn's Weapon Emporium.
 48154 | Depths:1 | Received a gift from Okawaru
 48401 | Depths:1 | Found a radiant altar of Vehumet.
 48447 | Depths:1 | Found a one-way gateway to a ziggurat.
 48767 | Depths:1 | Found a one-way gate leading to the halls of Pandemonium.
 48916 | Depths:1 | Found a gateway to Hell.
 49180 | Depths:1 | Reached skill level 22 in Fighting
 49423 | Depths:2 | Received a gift from Okawaru
 49465 | Depths:2 | Found a one-way gate to the infinite horrors of the Abyss.
 49578 | Depths:2 | Found Wul Jeff's Antique Armour Shoppe.
 49723 | Depths:2 | Reached skill level 20 in Shields
 49743 | Depths:2 | Reached skill level 19 in Invocations
 50168 | Depths:2 | Identified the +6 sling of Kismet {flame, Str+3 Int+3
                  | Dex+3}
 50369 | Depths:2 | Received a gift from Okawaru
 50396 | Depths:2 | Reached XP level 22. HP: 186/215 MP: 33/35
 50397 | Depths:2 | Noticed a juggernaut
 50622 | Depths:2 | Killed a juggernaut
 50683 | Depths:2 | Reached skill level 18 in Armour
 50701 | Depths:2 | Noticed a golden dragon
 50712 | Depths:2 | Killed a golden dragon
 50719 | Depths:2 | Identified the +6 war axe "Beast's Death Toll" {protect,
                  | Stlth+}
 50762 | Depths:2 | Found a blossoming altar of Fedhas.
 50857 | Depths:3 | Noticed a caustic shrike
 50958 | Depths:3 | Killed a caustic shrike
 51240 | Depths:3 | Reached skill level 14 in Throwing
 51406 | Depths:3 | Identified the amulet of Firoidda {Spirit rC- Dex+6}
 51429 | Depths:3 | Received a gift from Okawaru
 52288 | Depths:3 | Reached skill level 20 in Invocations
 52431 | Depths:3 | Acquired a manual of Evocations
 52440 | Depths:3 | Found a corrupted altar of Lugonu.
 52719 | Depths:4 | Entered Level 4 of the Depths
 52754 | Depths:4 | Received a gift from Okawaru
 52980 | Depths:4 | Noticed the Enchantress
 53066 | Depths:4 | Killed the Enchantress
 53245 | Depths:4 | Identified the +1 sling of the Shining Light {drain, rC-
                  | Will+ Str+2}
 53285 | Depths:4 | Found a gate to the Realm of Zot.
 53374 | Depths:4 | Noticed a caustic shrike
 53374 | Depths:4 | Noticed a caustic shrike
 53374 | Depths:4 | Noticed a caustic shrike
 53383 | Depths:4 | Killed a caustic shrike
 53386 | Depths:4 | Killed a caustic shrike
 53386 | Depths:4 | Killed a caustic shrike
 53387 | Depths:4 | Reached skill level 21 in Shields
 53710 | Depths:4 | Reached skill level 19 in Armour
 53717 | Depths:4 | Received a gift from Okawaru
 54735 | Vaults:5 | Entered Level 5 of the Vaults
 54804 | Vaults:5 | Reached XP level 23. HP: 210/223 MP: 37/37
 54815 | Vaults:5 | Found Yrgheoziff's Jewellery Shoppe.
 54834 | Vaults:5 | Bought the ring of Ufaoz {rF+ rC+ Str+4 SInv} for 619 gold
                  | pieces
 55119 | Vaults:5 | Identified the orb of the Toothy God {light, Will+}
 55119 | Vaults:5 | Noticed Frederick
 55145 | Vaults:5 | Killed Frederick
 55236 | Vaults:5 | Reached skill level 21 in Invocations
 55246 | Vaults:5 | Found Pilean's Magic Scroll Emporium.
 55257 | Vaults:5 | Found Roshaj's Magic Scroll Boutique.
 55257 | Vaults:5 | Found Afuumn's Magic Scroll Emporium.
 55276 | Vaults:5 | Bought a scroll of acquirement for 832 gold pieces
 55276 | Vaults:5 | Acquired 1142 gold pieces
 55277 | Vaults:5 | Bought a scroll of poison for 64 gold pieces
 55277 | Vaults:5 | Bought a scroll of fear for 64 gold pieces
 55299 | Vaults:5 | Reached skill level 15 in Throwing
 55375 | Vaults:5 | Found Oxeseucky's Magic Scroll Shoppe.
 55379 | Vaults:5 | Bought a scroll of blinking for 142 gold pieces
 55379 | Vaults:5 | Bought a scroll of blinking for 142 gold pieces
 55396 | Vaults:5 | Found Noma's Magic Scroll Boutique.
 55400 | Vaults:5 | Bought a scroll of teleportation for 54 gold pieces
 55400 | Vaults:5 | Bought a scroll of teleportation for 54 gold pieces
 55455 | Vaults:5 | Received a gift from Okawaru
 55572 | Vaults:5 | Found Coumeecw's Distillery.
 55576 | Vaults:5 | Bought a potion of invisibility for 160 gold pieces
 55580 | Vaults:5 | Found Ymuxa's Magic Scroll Shop.
 55669 | Vaults:5 | Noticed a dread lich
 55696 | Vaults:5 | Killed a dread lich
 55709 | Vaults:5 | Received a gift from Okawaru
 55711 | Vaults:5 | Found Bupto's Antique Armour Shop.
 55721 | Vaults:5 | Got a silver rune of Zot
 55726 | Vaults:5 | Bought a warped chain mail for 285 gold pieces
 55726 | Vaults:5 | Identified the +8 chain mail of the Bells {Str+5 Dex+2}
                  | (You bought it in a shop on level 5 of the Vaults)
 55754 | Vaults:5 | Found Byhenoip's Distillery.
 55758 | Vaults:5 | Bought a potion of haste for 140 gold pieces
 55758 | Vaults:5 | Bought a potion of cancellation for 112 gold pieces
 56001 | Vaults:5 | Reached skill level 20 in Armour
 56280 | Vaults:5 | Reached skill level 22 in Shields
 56301 | Vaults:5 | Reached skill level 22 in Invocations
 56309 | Vaults:5 | Received a gift from Okawaru
 56848 | Vaults:5 | Found Yrgheoziff's Jewellery Shoppe.
 56947 | Vaults:5 | Found Byhenoip's Distillery.
 56952 | Vaults:5 | Found Bupto's Antique Armour Shop.
 56974 | Vaults:5 | Found Coumeecw's Distillery.
 56978 | Vaults:5 | Found Ymuxa's Magic Scroll Shop.
 57061 | Vaults:5 | Found Noma's Magic Scroll Boutique.
 57077 | Vaults:5 | Found Oxeseucky's Magic Scroll Shoppe.
 57109 | Vaults:5 | Found Pilean's Magic Scroll Emporium.
 57194 | Vaults:5 | Found Afuumn's Magic Scroll Emporium.
 57194 | Vaults:5 | Found Roshaj's Magic Scroll Boutique.
 57816 | Elf:2    | Bought a scroll of teleportation for 39 gold pieces
 57816 | Elf:2    | Bought a scroll of teleportation for 39 gold pieces
 57816 | Elf:2    | Bought a scroll of blinking for 97 gold pieces
 57816 | Elf:2    | Bought a scroll of fog for 52 gold pieces
 58116 | Zot:1    | Entered Level 1 of the Realm of Zot
 58137 | Zot:2    | Reached skill level 6 in Dodging
 58627 | Zot:2    | Reached XP level 24. HP: 199/231 MP: 35/38
 58644 | Zot:2    | Received a gift from Okawaru
 58683 | Zot:2    | Found a shadowy altar of Dithmenos.
 58926 | Zot:2    | Reached skill level 16 in Throwing
 59106 | Zot:2    | You fall into a shaft and drop 1 floor!
 59180 | Zot:3    | Reached skill level 7 in Dodging
 59287 | Zot:3    | Reached skill level 21 in Armour
 59795 | Zot:3    | Reached skill level 8 in Dodging
 60596 | Zot:2    | Received a gift from Okawaru
 61714 | Zot:5    | Entered Level 5 of the Realm of Zot
 61729 | Zot:5    | Reached skill level 9 in Dodging
 61811 | Zot:5    | Reached skill level 22 in Armour
 62038 | Zot:5    | Noticed a Killer Klown
 62049 | Zot:5    | Killed a Killer Klown
 62389 | Zot:5    | Reached skill level 10 in Dodging
 62986 | Zot:5    | Noticed an ancient lich
 62986 | Zot:5    | Noticed an orb of fire
 62986 | Zot:5    | Noticed an ancient lich
 62986 | Zot:5    | Noticed a Killer Klown
 62986 | Zot:5    | Noticed a Killer Klown
 62989 | Zot:5    | Got the Orb of Zot
 62992 | Zot:5    | Noticed a dread lich
 62992 | Zot:5    | Noticed a Killer Klown
 62993 | Zot:5    | Noticed an orb of fire
 62993 | Zot:5    | Noticed an orb of fire
 62993 | Zot:5    | Noticed a dread lich
 62994 | Zot:5    | Noticed an ancient lich
 63030 | Zot:5    | Noticed a seraph
 63130 | Zot:2    | Noticed Wame the pandemonium lord
 63139 | Zot:2    | Killed Wame the pandemonium lord
 63247 | Depths:4 | Noticed Sunan the pandemonium lord
 63268 | Depths:4 | Killed Sunan the pandemonium lord
 63618 | D:7      | Reached skill level 11 in Dodging
 63678 | D:5      | Noticed Udghiy the pandemonium lord
 63798 | D:$      | Escaped with the Orb!

Illustrated notes

Levels and vault maps discovered:
D:1:      lightli_arrival_windingriver, layout_basic
D:2:      minmay_door_path, layout_basic, uniq_sigmund, uniq_crazy_yiuf_cottage
D:3:      layout_loops_corners, mainiacjoe_overflow_catwalk, uniq_jessica
D:4:      minmay_clustersquares, layout_basic, palyth_temple_overflow_mages,
          serial_shops, nicolae_square_shop, uniq_ijyb, uniq_blork_the_orc,
          uniq_robin
D:5:      layout_loops_ring, mainiacjoe_overflow_six_doors_small,
          nicolae_gozag_cash_rules_everything_around_me, serial_shops,
          kennysheep_little_box
D:6:      layout_rooms, gup_sewer_entry_glass, st_stairs_13, uniq_eustachio,
          uniq_maggie
D:7:      nicolae_cairo_tiling, layout_gridville,
          gammafunk_temple_overflow_wave, minmay_misc_feat_more_columns,
          uniq_prince_ribbit1
D:8:      layout_rooms
D:9:      layout_long_grid, mainiacjoe_overflow_brackets, st_stairs_10
D:10:     layout_loops_ring, lemuel_crystal_altar,
          grunt_lair_entry_orc_guard_hut, minivault_27, minmay_fountain_box,
          eino_curves_02, chequers_hall_statues_y, uniq_nergalle
D:11:     layout_long_grid, david_orc_1_choice, hangedman_decor_lopped
D:12:     layout_rooms, ebering_ghost_rock_garden
D:13:     minmay_connected_triangles_in_corner, layout_basic,
          tekkud_shop_of_orbs, uniq_nessos
D:14:     layout_basic, hellmonk_vaults_attempted_burglary,
          kennysheep_small_spiral, uniq_snorg, uniq_agnes
D:15:     hangedman_depths_entry_civil_slaughter, layout_irregular_city,
          nicolae_tricolors, uniq_josephine
Temple:   hellmonk_temple_two_chambers
Lair:1:   layout_cave_pods
Lair:2:   beast_lair_carwin_large_1, layout_regular_city, swamp_mist,
          nicolae_spider_entry_lesser_pyramids, serial_bayou_shore_a,
          infiniplex_staircase_pool, lemuel_fruit_tree
Lair:3:   layout_cave_pods, uniq_sonja
Lair:4:   layout_loops_ring
Lair:5:   minmay_lair_end_frog_pond, layout_regular_city,
          nicolae_slime_entry_slimehenge, nicolae_quartered_pool_little,
          dpeg_oklob_1
Swamp:1:  layout_basic_swamp, evilmike_swamp_ruin_house_3, swamp_pool_1_2,
          nicolae_swamp_little_tower
Swamp:2:  layout_falls_marsh, evilmike_swamp_ruin_rubble_2
Swamp:3:  layout_falls_marsh, evilmike_swamp_ruin_house_5, swamp_pool_3,
          nicolae_swamp_fairy_circle, worms_lemuel
Swamp:4:  swamp_vile, layout_basic_swamp, nicolae_swamp_tree_isthmus, uniq_mara,
          uniq_donald
Spider:1: layout_cave_pods
Spider:2: layout_chambers, uniq_roxanne
Spider:3: layout_spider_delve, nicolae_spider_checkerboard, uniq_mlioglotl
Spider:4: guppyfry_spider_rune, gammafunk_ghost_mausoleum
Orc:1:    layout_caves, basic_altar
Orc:2:    st_orc_pillars, layout_diamond_mine, gauntlet_entry_generic,
          uniq_jorgrun
Elf:1:    nicolae_elf_arrival_fired_up, layout_geoelf_grid,
          hangedman_elf_represent, hex_large, drop_trap,
          hangedman_summoners_spam
Elf:2:    elven_hall_of_blades_hangedman_original [nicolae_blade_lattice],
          layout_geoelf_octagon, serial_shops, nicolae_lakefront_shop,
          grunt_ministairs_15, lemuel_upstairs_altar
Elf:3:    minmay_elf_hall_statues, layout_geoelf_castle, basic_altar,
          uniq_boris, uniq_bai_suzhen, uniq_louise
Vaults:1: v_rooms_1, vaults_room_stairs_pillars, nicolae_vaults_ninety_degrees,
          nicolae_vaults_border_crossing, v_misc_12, vaults_room_stairs_pillars,
          nicolae_vaults_trapezoid_lopsided_1, nicolae_vaults_tangram_1,
          nicolae_vaults_alarming, nicolae_vaults_trapezoid_lopsided_1,
          layout_vaults_chaotic_city, uniq_saint_roka
Vaults:2: st_lines, nicolae_vaults_big_angled_halls,
          nicolae_vaults_little_squares_1, v_rooms_2, ontoclasm_vaults_idyll,
          hangedman_vaults_slice, nicolae_vaults_storage_room_statues,
          nicolae_vaults_oval_intersection, layout_vaults_omnicross, uniq_nikola
Vaults:3: ontoclasm_vaults_gateway, hangedman_vaults_stagger,
          minmay_crypt_entry_simple_statues, nicolae_vaults_specimen_jars,
          hangedman_vaults_corner, v_misc_2, grunt_vaults_twisty,
          nicolae_vaults_rhombus_6, layout_vaults_omnibox, uniq_zenata
Vaults:4: nicolae_vaults_shrinking_rooms_2, st_greater_box_2,
          nicolae_vaults_two_Ls, hangedman_vaults_stitches,
          nicolae_vaults_double_plus_2, nicolae_vaults_taking_the_gang_shopping,
          nicolae_vaults_sightless_eye, serial_ice_h, vaults_dpeg_diagonal,
          nicolae_vaults_ring_of_whatevers, grunt_vaults_funnel,
          nicolae_vaults_double_plus_2, nicolae_vaults_house_1,
          nicolae_vaults_little_squares_6, v_misc_3, layout_vaults_maze
Vaults:5: uniq_frederick
Depths:1: layout_gridlike, enter_ziggurat_e, serial_shops,
          nicolae_shop_gibbet_a_chance, vehumet_crystals,
          rand_demon_pan_entry_7, pf_vacation_house_of_asmodeus,
          evilmike_minifort
Depths:2: minmay_sliced_demisemicircle, layout_gridlike,
          grunt_hell_entry_dis_grunt, abyss_entry, pan_entry, serial_shops,
          shop, fedhas_altar_3, grunt_ministairs_13
Depths:3: minmay_bad_star, layout_basic, hangedman_tar_grid_catacomb,
          abyss_entry_flame_altar, minmay_misc_feat_doors
Depths:4: grunt_twist_and_shout, layout_honeycomb, minmay_stone_trees_small,
          hell_entry, hangedman_decor_peaks_small, uniq_enchantress
Zot:1:    layout_concentric_octagons, regret_index_zotdec_banners
Zot:2:    bobbens_index_wilting_gardens, layout_basic, basic_altar,
          regret_index_zotdec_icy_dp, drop_trap
Zot:3:    layout_onion_interference, uniq_josephina
Zot:4:    layout_twisted_circle, hangedman_player_shredder, grunt_megastairs_2,
          uniq_tiamat
Zot:5:    layout_onion

Skill      XL: |  1  2  3  4  5  6  7  8  9 10 11 12 13 14 15 16 17 18 19 20 21 22 23 24 |
---------------+-------------------------------------------------------------------------+-----
Axes           | 4 5 6 7 9 11 13 14 16 17 18 19 20 | 20.0
Fighting       | 4 5 6 7 9 10 11 12 13 14 15 16 17 18 19 20 22 | 22.0
Armour         | 2 3 4 5 8 9 11 12 13 14 15 16 17 19 20 22 | 22.0
Shields        | 1 4 6 8 10 11 12 13 15 17 19 20 21 22 | 22.0
Evocations     | 1 4 6 8 9 |  9.0
Invocations    | 4 7 10 11 13 14 16 17 19 20 22 | 22.1
Throwing       | 3 5 6 8 9 10 11 12 13 14 15 16 | 16.0
Dodging        | 4 5 6 11 | 11.1

Action                     |  1- 3 |  4- 6 |  7- 9 | 10-12 | 13-15 | 16-18 | 19-21 | 22-24 || total
---------------------------+-------+-------+-------+-------+-------+-------+-------+-------++-------
  Melee: Hand axe          |    74 |    55 |       |       |       |       |       |       ||   129
         War axe           |       |    87 |   205 |   398 |       |       |       |       ||   690
         Broad axe         |       |       |       |    89 |   926 |  1343 |  1412 |  1765 ||  5535
         Trident           |       |       |       |     8 |       |       |       |       ||     8
  Throw: Boomerang         |       |       |     4 |     8 |    62 |   210 |    83 |   236 ||   603
         Javelin           |       |       |       |       |    21 |    39 |    67 |    22 ||   149
 Invoke: Heroism           |       |       |       |     3 |     8 |     1 |     6 |    26 ||    44
         Receive Weapon    |       |       |       |     1 |       |       |       |       ||     1
         Receive Armour    |       |       |       |     1 |       |       |       |       ||     1
         Finesse           |       |       |       |       |     8 |     8 |     9 |    14 ||    39
  Evoke: Wand              |       |       |     4 |     2 |     4 |    10 |       |     4 ||    24
         Lightning rod     |       |       |       |       |     5 |     4 |     4 |       ||    13
         Phial of floods   |       |       |       |       |       |       |       |     1 ||     1
    Use: Scroll            |       |     8 |     1 |     8 |    14 |     8 |     4 |    24 ||    67
         Potion            |       |     1 |     2 |     5 |       |     4 |     1 |     9 ||    22
   Stab: Invisible         |       |       |     4 |       |       |       |       |       ||     4
         Distracted        |       |       |       |       |     1 |       |     1 |       ||     2
         Held in net/web   |       |       |       |       |       |     1 |       |       ||     1
 Armour: Scale mail        |    42 |    88 |   113 |       |       |       |       |       ||   243
         Robe              |     4 |       |       |       |       |       |       |       ||     4
         Swamp dragon scal |       |       |    47 |   320 |   204 |       |       |       ||   571
         Chain mail        |       |       |       |       |   226 |    76 |       |       ||   302
         Plate armour      |       |       |       |       |       |   848 |       |       ||   848
         Gold dragon scale |       |       |       |       |       |    33 |   798 |  1028 ||  1859
  Dodge: Dodged            |    27 |    71 |   127 |   211 |   246 |   603 |   299 |   355 ||  1939
  Block: Kite shield       |       |       |    51 |   436 |   543 |   829 |       |       ||  1859
         Tower shield      |       |       |       |       |       |   192 |  1157 |  1479 ||  2828

Table legend: (Time is in decaauts)
 A = Elapsed time spent in this place.
 B = Non-inter-level travel time spent in this place.
 C = Inter-level travel time spent in this place.
 D = Time resting spent in this place.
 E = Time spent auto-exploring this place.
 F = Levels seen in this place.
 G = Mean time per level.
                   A        B        C        D        E       F      G
               +--------+--------+--------+--------+--------+-----+--------+
         Total |  62435 |  56289 |   6146 |   8247 |  36136 |  50 | 1248.7 |
       Dungeon |  16390 |  14204 |   2186 |    680 |  10927 |  15 | 1092.7 |
        Temple |     18 |     10 |      8 |      0 |      0 |   1 |   18.0 |
          Lair |   6689 |   6154 |    535 |    460 |   4686 |   5 | 1337.8 |
         Swamp |   4686 |   4320 |    366 |    669 |   2621 |   4 | 1171.5 |
   Spider Nest |   6767 |   6560 |    207 |   1141 |   4312 |   4 | 1691.8 |
  Orcish Mines |   2545 |   1817 |    728 |    407 |    941 |   2 | 1272.5 |
   Elven Halls |   5858 |   5128 |    730 |   1726 |   2337 |   3 | 1952.7 |
        Vaults |   7546 |   7039 |    507 |    320 |   4636 |   5 | 1509.2 |
        Depths |   6014 |   5613 |    401 |   1140 |   3267 |   4 | 1503.5 |
           Zot |   4797 |   4323 |    474 |   1573 |   1866 |   5 |  959.4 |
         Sewer |    744 |    744 |      0 |     43 |    393 |   1 |  744.0 |
      Gauntlet |    377 |    377 |      0 |     84 |    146 |   1 |  377.0 |
               +--------+--------+--------+--------+--------+-----+--------+

Top non-repeatable levels by time:
   Elf:1: 2809 daAuts
Vaults:5: 2561 daAuts
Spider:2: 2538 daAuts
   Zot:2: 2239 daAuts
   Elf:3: 2158 daAuts
Depths:3: 1887 daAuts
   Orc:2: 1878 daAuts
    D:14: 1855 daAuts
     D:3: 1734 daAuts
Spider:4: 1687 daAuts
 Swamp:4: 1636 daAuts
  Lair:2: 1588 daAuts
  Lair:5: 1501 daAuts
Depths:2: 1491 daAuts
  Lair:1: 1423 daAuts

Table legend:
 A = Kills in this place as a percentage of kills in the entire game.
 B = Kills by you in this place as a percentage of kills by you in the entire game.
 C = Kills by friends in this place as a percentage of kills by friends in the entire game.
 D = Other kills in this place as a percentage of other kills in the entire game.
 E = Experience gained in this place as a percentage of experience gained in the entire game.
 F = Experience gained in this place divided by the number of levels of this place that you have seen.
                   A       B       C       D       E      F
               +-------+-------+-------+-------+-------+----------------------
         Total | 100.0 | 100.0 |   N/A | 100.0 | 100.0 | 22909.3
       Dungeon |  19.1 |  19.1 |   N/A |  14.3 |   6.9 | 5235.9
          Lair |   9.5 |   9.5 |   N/A |   0.0 |   4.3 | 9820.0
         Swamp |   7.2 |   7.2 |   N/A |  14.3 |   6.8 | 19569.0
   Spider Nest |  11.9 |  12.0 |   N/A |   0.0 |   9.2 | 26267.8
  Orcish Mines |   6.6 |   6.7 |   N/A |   0.0 |   1.7 | 9762.0
   Elven Halls |   7.3 |   7.2 |   N/A |  28.6 |   9.9 | 37745.7
        Vaults |  19.5 |  19.6 |   N/A |   0.0 |  30.3 | 69332.4
        Depths |   9.7 |   9.6 |   N/A |  28.6 |  17.0 | 48685.8
           Zot |   6.1 |   6.0 |   N/A |  14.3 |  13.7 | 31453.2
         Sewer |   2.6 |   2.6 |   N/A |   0.0 |   0.0 | 256.0
      Gauntlet |   0.4 |   0.4 |   N/A |   0.0 |   0.2 | 2791.0
               +-------+-------+-------+-------+-------+----------------------
